 Dungeon Crawl Stone Soup version 0.28.0-45-g0d030f2227 (webtiles) character file.

Game seed: 6489581633702779884

61 ImHallYall the Skirmisher (level 4, 0/39 HPs)
             Began as a Ghoul Fighter on Apr 7, 2022.
             Was a Follower of Okawaru.
             Slain by a worm (6 damage)
             ... on level 3 of the Dungeon.
             The game lasted 00:05:45 (2192 turns).

ImHallYall the Skirmisher (Ghoul Fighter)           Turns: 2192, Time: 00:05:45

Health: 0/39       AC: 10    Str: 21    XL:     4   Next: 7%
Magic:  3/3        EV:  9    Int:  3    God:    Okawaru [*.....]
Gold:   65         SH:  7    Dex:  8    Spells: 3/3 levels left

rFire   . . .      SeeInvis .   a - +0 long sword
rCold   + . .      Faith    .   h - +0 kite shield
rNeg    + + +      Spirit   .   e - +4 ring mail
rPois   ∞          Reflect  .   j - +0 helmet
rElec   .          Harm     .   (no cloak)
rCorr   .          Rampage  .   (no gloves)
Will    .....                   (no boots)
Stlth   ..........              (no amulet)
HPRegen 0.00/turn               (no ring)
MPRegen 0.08/turn               (no ring)

@: inhibited regen
A: claws 1, cold resistance 1, negative energy resistance 3, inhibited
regeneration, torment resistance 2
a: Renounce Religion, Heroism


You were on level 3 of the Dungeon.
You worshipped Okawaru.
Okawaru was aware of your devotion.
You visited 1 branch of the dungeon, and saw 3 of its levels.

You collected 65 gold pieces.

Inventory:

Hand Weapons
 a - a +0 long sword (weapon)
Missiles
 i - 3 boomerangs (quivered)
Armour
 b - a +0 scale mail
 c - a +0 buckler
 e - a +4 ring mail (worn)
 h - a +0 kite shield (worn)
 j - a +0 helmet (worn)
Scrolls
 g - a scroll of noise
Potions
 d - a potion of might
 f - a potion of heal wounds {unknown}


   Skills:
 + Level 3.6 Fighting
 + Level 2.4 Long Blades
 + Level 3.2 Armour
 + Level 0.8 Dodging
 + Level 0.2 Stealth
 + Level 3.0 Shields


You had 3 spell levels left.
You didn't know any spells.
Your spell library was empty.

Dungeon Overview and Level Annotations

Branches:
Dungeon (3/15)

Altars:
Okawaru

Annotations:
D:2 Sigmund


Innate Abilities, Weirdness & Mutations

You thrive by killing the living.
You are immune to poison.
You have sharp fingernails.
Your flesh is cold resistant. (rC+)
You are immune to negative energy. (rN+++)
You do not regenerate when monsters are visible.
You are immune to unholy pain and torment.


Message History

You hit the worm.
The worm is severely wounded.
You barely miss the worm.
The worm is severely wounded.
You block the worm's attack. The worm bites you.
You hit the worm.
The worm is almost dead.
The worm closely misses you. You block the worm's attack.
The rat bites you but does no damage.
You barely miss the worm.
The worm is almost dead.
The rat bites you but does no damage. The worm bites you but does no damage.
The worm bites you!
You hit the worm.
The worm is almost dead.
The rat bites you but does no damage. The worm bites you.
You block the rat's attack. The worm bites you.
You hit the worm.
The worm is moderately wounded.
The rat bites you but does no damage. The worm closely misses you.
The worm barely misses you.
You hit the worm.
The worm is moderately wounded.
The rat barely misses you. The rat bites you but does no damage.
The worm bites you.
* * * LOW HITPOINT WARNING * * *
You block the worm's attack.
You barely miss the worm.
The worm is moderately wounded.
The rat bites you but does no damage. The worm bites you but does no damage.
You block the worm's attack.
You hit the worm.
The worm is moderately wounded.
The rat bites you but does no damage. You block the rat's attack.
You barely miss the worm.
The worm is moderately wounded.
The worm bites you.
* * * LOW HITPOINT WARNING * * *
The worm bites you.
You die...

#.......≈#≈#
#....>.≈≈≈≈#
#.......≈#≈#
#.......≈≈≈#
#.......?#≈#
#########.......≈≈≈#
#...........rw...≈≈#
#............@w..#
#..........$....##
#...............#
####.....)..#####.##
.......(....#####.#
.###...............
#########
.#.................#
#........
....8..8...........#
#........
..................
#........


You could see 2 worms and a rat.

Vanquished Creatures
  An adder (D:3)
  A dart slug (D:1)
  2 ball pythons
  6 endoplasms
  3 giant cockroaches
  4 goblins
  4 hobgoblins
  4 jackals (D:1)
  2 quokkas
  4 bats
  3 frilled lizards
  5 kobolds
  2 rats (D:1)
41 creatures vanquished.

Vanquished Creatures (others)
  A plant (D:1)
1 creature vanquished.

Grand Total: 42 creatures vanquished

Notes
Turn   | Place    | Note
-------+----------+-------------------------------------------
     0 | D:1      | ImHallYall the Ghoul Fighter began the quest for the Orb.
     0 | D:1      | Reached XP level 1. HP: 19/19 MP: 0/0
    62 | D:1      | Reached XP level 2. HP: 18/26 MP: 1/1
   483 | D:1      | Found a faded altar of an unknown god.
   491 | D:1      | Prayed at the altar of an unknown god.
   491 | D:1      | Became a worshipper of Warmaster Okawaru
   491 | D:1      | Reached * piety under Okawaru
   583 | D:1      | Reached XP level 3. HP: 31/31 MP: 2/2
  1458 | D:2      | Noticed Sigmund
  1739 | D:3      | Reached XP level 4. HP: 31/39 MP: 3/3
  2192 | D:3      | Slain by a worm

Illustrated notes

Levels and vault maps discovered:
D:1:      lightli_arrival_windingriver, layout_loops_cross,
          ebering_ecumenical_altar_hall, moated_statue
D:2:      layout_basic, st_stairs_5, uniq_sigmund
D:3:      layout_basic, lightli_sewer_entry_pipes, minmay_misc_feat_plants,
          grunt_ministairs_9, uniq_terence

Skill      XL: |  1  2  3 |
---------------+----------+-----
Long Blades    | 2 |  2.4
Armour         | 3 |  3.2
Shields        | 3 |  3.0
Fighting       | |  3.6
Dodging        | |  0.8
Stealth        | |  0.2

Action                   |  1- 3 |  4- 6 || total
-------------------------+-------+-------++-------
Melee: Long sword        |   102 |    22 ||   124
  Use: Scroll            |     2 |       ||     2
       Potion            |     1 |       ||     1
Armor: Ring mail         |    80 |    12 ||    92
Dodge: Dodged            |    69 |     8 ||    77
Block: Buckler           |    13 |       ||    13
       Kite shield       |    15 |    10 ||    25
